 Dungeon Crawl Stone Soup version 0.31-a0-1074-g0b22e4e0f1 (webtiles) character file.

Game seed: 9853966668063784129

2010 Twinkles the Slasher (level 8, -2/69 HPs)
             Began as a Demigod Gladiator on Nov 26, 2023.
             Hit by a stone thrown by an orc warrior (5 damage)
             ... on level 6 of the Dungeon.
             The game lasted 00:25:31 (7813 turns).

Twinkles the Slasher (Demigod Gladiator)            Turns: 7813, Time: 00:25:31

Health: -2/69      AC:  8    Str: 15    XL:     8   Next: 72%
Magic:  10/10      EV: 12    Int: 10    God:
Gold:   308        SH:  0    Dex: 23    Spells: 7/7 levels left

rFire   . . .        a - +0 long sword
rCold   . . .        (no shield)
rNeg    . . .        x - +0 scale mail
rPois   .            c - +0 helmet
rElec   .            u - +0 cloak
rCorr   .            (no gloves)
SInv    .            (no boots)
Will    .....        (no amulet)
Stlth   ++           (no ring)
HPRegen 0.31/turn    (no ring)
MPRegen 0.12/turn

%: no passive effects
@: no status effects
A: high MP 1, forlorn, divine attributes
a: no special abilities


You were on level 6 of the Dungeon.
You visited 1 branch of the dungeon, and saw 6 of its levels.

You collected 308 gold pieces.

Inventory:

Hand Weapons
 a - a +0 long sword (weapon)
 b - a +0 dagger of venom
 v - a +2 whip of venom
Missiles
 d - 2 throwing nets
 e - 3 javelins
 f - a curare-tipped dart
 w - 6 poisoned darts
Armour
 c - a +0 helmet (worn)
 u - a +0 cloak (worn)
 x - a +0 scale mail (worn)
 A - a +0 ring mail
Jewellery
 n - a ring of magical power
 q - a ring of positive energy
Wands
 i - a wand of iceblast (3) (quivered)
Scrolls
 g - a scroll of acquirement {unknown}
 h - a scroll of enchant weapon {unknown}
 m - 2 scrolls of enchant armour {unknown}
 o - a scroll of blinking {unknown}
 p - a scroll of poison
 s - 2 scrolls of revelation
 t - a scroll of fog {unknown}
 y - a scroll of immolation {unknown}
Potions
 j - 4 potions of enlightenment
 k - 4 potions of curing {unknown}
 l - 2 potions of heal wounds {unknown}
 r - a potion of invisibility {unknown}
 z - 2 potions of haste {unknown}
 M - 2 potions of might
 P - 2 potions of lignification


   Skills:
 + Level 5.4 Fighting
 * Level 7.8 Long Blades
 - Level 2.0 Throwing
 - Level 2.0 Armour
 + Level 4.4 Dodging
 + Level 4.0 Stealth


You had 7 spell levels left.
You didn't know any spells.
Your spell library contained the following spells:

 Spells                   Type           Power      Damage    Failure   Level
 Summon Small Mammal      Summ           0%         N/A       83%         1
 Call Canine Familiar     Summ           0%         N/A       99%         3
 Summon Guardian Golem    Hex/Summ       0%         N/A       99%         3
 Tukima's Dance           Hex            0%         N/A       99%         3
 Passage of Golubria      Tloc           0%         N/A       100%        4
 Yara's Violent Unravell  Hex/Tmut       0%         3d3       100%        5


Dungeon Overview and Level Annotations

Branches:
Dungeon (6/15) Zot: 25664  Temple (0/1) D:5

Shops:
D:2 (

Annotations:
D:4 3 runed translucent doors, Edmund; Moreman's ghost, novice DrIE
D:5 3 runed translucent doors, SecretSquirrel's ghost, weakling VSDe


Innate Abilities, Weirdness & Mutations

You have an increased reservoir of magic. (+10% MP)
You shall have no god before yourself.
Your divine heritage dramatically boosts your attributes as you level up.


Message History

The phantom is moderately damaged.
The phantom hits you.
You hit the phantom but do no damage.
The phantom is moderately damaged.
The phantom hits you.
The phantom blinks!
You blink.
You barely miss the phantom.
The phantom is moderately damaged.
The phantom hits you but does no damage.
You hit the phantom.
The phantom is moderately damaged.
The phantom hits you but does no damage.
You hit the phantom.
The phantom is heavily damaged.
The phantom closely misses you.
You slash the phantom!
The phantom is almost destroyed.
The orc warrior hits you from afar with a +0 trident!
The phantom hits you but does no damage.
The orc warrior hits you with a +0 trident.
The phantom hits you but does no damage.
You hit the phantom but do no damage.
The phantom is almost destroyed.
The orc warrior hits you with a +0 trident!
* * * LOW HITPOINT WARNING * * *
The phantom hits you but does no damage.
Okay, then.
You hit the phantom but do no damage.
The phantom is almost destroyed.
The orc warrior barely misses you. The phantom hits you.
* * * LOW HITPOINT WARNING * * *
The phantom blinks!
You blink.
You hit the phantom.
You destroy the phantom!
The orc warrior throws a stone.
The stone hits you.
* * * LOW HITPOINT WARNING * * *
The orc warrior throws a stone.
The stone hits you!
* * * LOW HITPOINT WARNING * * *
The orc warrior throws a stone.
The stone hits you but does no damage.
Found 17 gold pieces.
The orc warrior throws a stone.
The stone hits you.
You die...

##..##### ####.....#.#
##........#.##
#............##
###.......##.#.
##..#.###.... ####
##.#...##...
#..####..####..#...##...
$......@.##...##...##.#.
......##........#..#..#.
##.....##.....o......##)
#..................###.
#...................###.
........................
. ..............##......
..#.......#...###..#.
.##.......##..##..###


You could see an orc warrior.

Vanquished Creatures
  Pikel (D:5)
  3 lemures (D:5)
  2 ogres (D:5)
  A centaur (D:5)
  2 phantoms
  A kobold brigand (D:3)
  A bullfrog (D:5)
  5 scorpions
  A hound (D:5)
  2 jellies (D:5)
  2 orc priests (D:5)
  A gnoll bouda (D:3)
  3 sleepcaps (D:5)
  Terence (D:2)
  3 iguanas (D:5)
  5 orc wizards
  11 gnolls
  6 adders
  A shadow imp (D:6)
  A dart slug (D:4)
  13 orcs
  2 bats (D:3)
  8 endoplasms
  3 giant cockroaches
  4 goblins
  6 hobgoblins
  7 jackals (D:1)
  5 quokkas
  11 ball pythons
  5 frilled lizards
  8 kobolds
  5 rats
130 creatures vanquished.

Notes
Turn   | Place    | Note
-------+----------+-------------------------------------------
     0 | D:1      | Twinkles the Demigod Gladiator began the quest for the Orb.
     0 | D:1      | Reached XP level 1. HP: 17/17 MP: 3/3
   205 | D:1      | Reached XP level 2. HP: 16/24 MP: 4/4
   420 | D:1      | Reached skill level 3 in Long Blades
  1109 | D:2      | Reached XP level 3. HP: 24/29 MP: 5/5
  1365 | D:2      | Found Vozyach's Weapon Boutique.
  1484 | D:2      | Reached skill level 1 in Armour
  1619 | D:2      | Noticed Terence
  1628 | D:2      | Killed Terence
  1629 | D:2      | Reached XP level 4. HP: 25/37 MP: 6/6
  2213 | D:3      | Noticed a kobold brigand
  2225 | D:3      | HP: 11/37 [gnoll/+0 spear (5)]
  2227 | D:3      | Killed a kobold brigand
  2228 | D:3      | Reached skill level 4 in Long Blades
  2228 | D:3      | Reached XP level 5. HP: 12/44 MP: 7/7
  2236 | D:3      | HP: 11/44 [gnoll/+0 spear (3)]
  2242 | D:3      | HP: 8/44 [gnoll/+0 spear (3)]
  3211 | D:4      | Reached XP level 6. HP: 45/51 MP: 8/8
  3298 | D:4      | Reached skill level 1 in Stealth
  3304 | D:4      | Found a runed translucent gate.
  3305 | D:4      | Found a runed translucent gate.
  3305 | D:4      | Found a runed translucent gate.
  3316 | D:4      | Noticed Moreman's ghost (novice DrIE)
  3345 | D:4      | Noticed Edmund
  3766 | D:4      | Reached skill level 5 in Long Blades
  4040 | D:5      | Entered Level 5 of the Dungeon
  4200 | D:5      | Found a runed translucent gate.
  4200 | D:5      | Found a runed translucent gate.
  4200 | D:5      | Found a runed translucent gate.
  4280 | D:5      | Reached XP level 7. HP: 58/58 MP: 9/9
  4301 | D:5      | Found a staircase to the Ecumenical Temple.
  4679 | D:5      | HP: 17/58 [acid (8)]
  4680 | D:5      | HP: 5/58 [acid (6)]
  5147 | D:5      | HP: 9/59 [ogre/+0 giant club (19)]
  5350 | D:5      | Reached skill level 6 in Long Blades
  6042 | D:5      | HP: 18/60 [ogre/+0 giant spiked club (25)]
  6437 | D:5      | Noticed SecretSquirrel's ghost (weakling VSDe)
  6486 | D:6      | Noticed Pikel
  6491 | D:5      | HP: 18/60 [lemure[Pikel] (3)]
  6497 | D:5      | HP: 11/90 [lemure[Pikel] (5)]
  6505 | D:5      | HP: 8/90 [lemure[Pikel] (3)]
  6751 | D:5      | Reached XP level 8. HP: 67/67 MP: 10/10
  6903 | D:5      | Reached skill level 7 in Long Blades
  7079 | D:5      | Killed Pikel
  7080 | D:5      | Reached skill level 5 in Fighting
  7805 | D:6      | HP: 15/69 [orc warrior/+0 trident (11)]
  7809 | D:6      | HP: 2/69 [orc warrior/stone (10)]
  7813 | D:6      | Hit by a stone thrown by an orc warrior

Illustrated notes

Levels and vault maps discovered:
D:1:      ldierk_walled_garden, layout_basic, shapermc_ecumenical_altar_venn
D:2:      layout_loops_ring, serial_shops, nicolae_shop_bloodbath_and_beyond,
          basic_altar, minmay_quadrilaterals, uniq_terence
D:3:      layout_basic
D:4:      layout_cave_pools, gammafunk_ghost_necromancy, minivault_1,
          uniq_edmund
D:5:      minmay_angry_zag, layout_basic, temple_green, ebering_ghost_gozag,
          grunt_decor_mini_mirrors, roderic_serpentine_path
D:6:      layout_cave_pools, uniq_pikel

Skill      XL: |  1  2  3  4  5  6  7  8 |
---------------+-------------------------+-----
Fighting       | 2 3 4 5 |  5.4
Throwing       | 2 |  2.0
Long Blades    | 3 4 5 6 7 |  7.8
Dodging        | 3 4 |  4.4
Armour         | 1 2 |  2.0
Stealth        | 2 3 4 |  4.0

Action                     |  1- 3 |  4- 6 |  7- 9 || total
---------------------------+-------+-------+-------++-------
  Melee: Long sword        |   116 |   176 |   112 ||   404
         Punch             |     1 |     1 |     2 ||     4
         Dagger            |       |    13 |   107 ||   120
  Throw: Throwing net      |       |     1 |     2 ||     3
         Javelin           |       |       |     2 ||     2
    Use: Potion            |       |     1 |     1 ||     2
         Scroll            |       |       |     6 ||     6
   Stab: Sleeping          |     2 |     2 |       ||     4
         Held in net/web   |       |       |     2 ||     2
 Armour: Leather armour    |    41 |       |       ||    41
         Ring mail         |    36 |    54 |       ||    90
         Scale mail        |       |    96 |   177 ||   273
         Skin              |       |       |    12 ||    12
  Dodge: Dodged            |    82 |   122 |   109 ||   313

Table legend: (Time is in decaauts)
 A = Elapsed time spent in this place.
 B = Non-inter-level travel time spent in this place.
 C = Inter-level travel time spent in this place.
 D = Time resting spent in this place.
 E = Time spent auto-exploring this place.
 F = Levels seen in this place.
 G = Mean time per level.
                   A        B        C        D        E       F      G
               +--------+--------+--------+--------+--------+-----+--------+
         Total |   7874 |   7208 |    666 |   1691 |   3817 |   6 | 1312.3 |
       Dungeon |   7874 |   7208 |    666 |   1691 |   3817 |   6 | 1312.3 |
               +--------+--------+--------+--------+--------+-----+--------+

Top non-repeatable levels by time:
     D:5: 2945 daAuts
     D:3: 1413 daAuts
     D:4: 1142 daAuts
     D:1: 1068 daAuts
     D:2: 932 daAuts
     D:6: 371 daAuts
